 Dungeon Crawl Stone Soup version 0.27.0-1-g7a089689b8 (webtiles) character file.

Game seed: 14399683104343178804

60 fiver49 the Cutter (level 3, -1/21 HPs)
             Began as a Vampire Hunter on Aug 3, 2021.
             Slain by a goblin (5 damage)
             ... on level 2 of the Dungeon.
             The game lasted 00:02:49 (2284 turns).

fiver49 the Cutter (Vampire Hunter)                 Turns: 2284, Time: 00:02:50

Health: -1/21      AC:  3    Str: 12    XL:     3   Next: 82%
Magic:  3/3        EV: 12    Int: 13    God:
Gold:   114        SH:  0    Dex: 14    Spells: 2/2 levels left

rFire    . . .     SeeInvis +   a - +0 short sword
rCold    + + .     Faith    .   (no shield)
rNeg     + + +     Spirit   .   b - +0 leather armour
rPois    ∞         Reflect  .   (no helmet)
rElec    .         Harm     .   (no cloak)
rCorr    .         Rampage  .   (no gloves)
Will     .....                  (no boots)
Stlth    ++++......             (no amulet)
HPRegen  0.00/turn              (no ring)
MPRegen  0.08/turn              (no ring)

@: bloodless, inhibited regen
A: bloodless, fangs 3, see invisible, vampiric 2
a: Bat Form, Revivify


You were on level 2 of the Dungeon.
You visited 1 branch of the dungeon, and saw 2 of its levels.

You collected 114 gold pieces.

Inventory:

Hand Weapons
 a - a +0 short sword (weapon)
Missiles
 c - 6 javelins
 d - 2 throwing nets
 f - 2 boomerangs (quivered)
Armour
 b - a +0 leather armour (worn)
 j - a +0 scale mail
Jewellery
 g - a ring of ice
Scrolls
 e - 3 scrolls of torment {unknown}
 k - 3 scrolls of blinking {unknown}
 l - a scroll of identify {unknown}
Potions
 h - a potion of attraction {unknown}
 i - 3 potions of curing {unknown}


   Skills:
 - Level 1.7 Fighting
 * Level 3.6 Short Blades
 - Level 3.2 Throwing
 - Level 2.1 Dodging
 + Level 2.4 Stealth


You had 2 spell levels left.
You didn't know any spells.
Your spell library contained the following spells:

 Spells                   Type           Power      Damage    Failure   Level
 Sting                    Tmut/Pois      0%         1d3       36%         1
 Poisonous Vapours        Pois/Air       0%         N/A       52%         2
 Olgreb's Toxic Radiance  Pois           0%         N/A       98%         4


Dungeon Overview and Level Annotations

Branches:
Dungeon (2/15)

Altars:


Innate Abilities, Weirdness & Mutations

You do not regenerate when monsters are visible.
You are frail without blood (-20% HP).
You can heal yourself when you bite living creatures.
You are immune to poison.
You have razor-sharp teeth.
You have supernaturally acute eyesight. (SInv)
You are afflicted with vampirism and can become a bat while bloodless.


Message History

You feel better.
The adder is heavily wounded.
The adder misses you.
You miss the adder.
The adder is heavily wounded.
The adder barely misses you.
You completely miss the adder.
The adder is heavily wounded.
The adder barely misses you.
You hit the adder.
The adder is severely wounded.
The adder bites you.
* * * LOW HITPOINT WARNING * * *
The adder misses you.
You miss the adder.
The adder is severely wounded.
The adder closely misses you.
You hit the adder.
The adder is almost dead.
The adder closely misses you.
You closely miss the adder.
The adder is almost dead.
The adder closely misses you.
You barely miss the adder.
The adder is almost dead.
The adder misses you.
You hit the adder.
You kill the adder!
You hit the goblin but do no damage. Your bite misses the goblin.
The goblin barely misses you.
You closely miss the goblin. The goblin closely misses you.
You closely miss the goblin. The goblin closely misses you.
You closely miss the goblin. The goblin hits you with a +0 whip.
* * * LOW HITPOINT WARNING * * *
You hit the goblin but do no damage. You bite the goblin, but do no damage.
The goblin closely misses you.
You closely miss the goblin. The goblin closely misses you.
You barely miss the goblin. The goblin misses you.
You barely miss the goblin. The goblin hits you with a +0 whip.
You die...

#.... #.... ###.# ##.#
#### #... #.. #... #>#
###... #######)#
#....# #....@g)#
#.##.# #.#####.######
#.##.#
.#.#.#.#....####.##.#
#....>...###<....)...#
###.#.#.## #[####.#..#
...... #.####.#..#
#.#.#.# #.##...#..#
#....... #(##...#..#
##.# #.# #.##...#..#


You could see a goblin.

Vanquished Creatures
  2 adders (D:2)
  2 worms (D:2)
  2 dart slugs (D:1)
  3 ball pythons (D:1)
  An endoplasm (D:1)
  A giant cockroach (D:2)
  5 hobgoblins
  6 jackals
  2 quokkas
  2 bats
  2 frilled lizards
  A goblin (D:2)
  3 kobolds (D:2)
32 creatures vanquished.

Notes
Turn   | Place    | Note
-------+----------+-------------------------------------------
     0 | D:1      | fiver49 the Vampire Hunter began the quest for the Orb.
     0 | D:1      | Reached XP level 1. HP: 16/16 MP: 1/1
    92 | D:1      | Reached skill level 1 in Short Blades
   231 | D:1      | Reached XP level 2. HP: 17/17 MP: 2/2
  1702 | D:2      | Gained mutation: You are afflicted with vampirism and can
                  | become a bat while bloodless. [Vampire growth]
  1702 | D:2      | Reached XP level 3. HP: 19/21 MP: 3/3
  2284 | D:2      | Slain by a goblin

Illustrated notes

Levels and vault maps discovered:
D:1:      sevenhm_arrival_forest_fort_small_5, layout_basic
D:2:      layout_loops_ring, minmay_misc_feat_columns, st_stairs_8,
          minmay_close_crescents

Skill      XL: |  1  2  3 |
---------------+----------+-----
Short Blades   | 2 3 |  3.6
Stealth        | 2 |  2.4
Fighting       | |  1.7
Throwing       | |  3.2
Dodging        | |  2.1

Action                   || total
-------------------------++-------
Melee: Short sword       ||   127
       Bite              ||    16
Throw: Javelin           ||     2
       Boomerang         ||     8
 Abil: Exsanguinate      ||     1
 Stab: Sleeping          ||     7
Armor: Leather armour    ||    20
Dodge: Dodged            ||    70
